 Dungeon Crawl Stone Soup version 0.20-a0-947-g2784f4f (webtiles) character file.

41182 Duffy the Cleaver (level 13, -8/111 HPs)
             Began as a Demigod Fighter on Apr 3, 2017.
             Blown up by an eye of devastation (31 damage)
             ... with a bolt of energy
             ... on level 5 of the Lair of Beasts.
             The game lasted 00:26:29 (23731 turns).

Duffy the Cleaver (Demigod Fighter)                Turns: 23731, Time: 00:26:30

Health: -8/111     AC: 17    Str: 29    XL:     13   Next: 43%
Magic:  20/20      EV: 11    Int: 12    God:
Gold:   1077       SH: 17    Dex: 15    Spells: 12/12 levels left

rFire    . . .     SeeInvis +   a - +1 war axe
rCold    + . .     Gourm    .   c - +0 shield
rNeg     . . .     Faith    .   q - +0 ice dragon scales
rPois    .         Spirit   .   B - +0 hat {SInv}
rElec    .         Reflect  .   (no cloak)
rCorr    .         Harm     .   (no gloves)
MR       +....                  m - +2 pair of boots of the Assassin {Detection Stab+ Stlth++}
Stlth    ++........             D - amulet of regeneration
Regen    0.7/turn               h - +2 ring of evasion
MPRegen  0.2/turn               u - ring of fire

@: no status effects
A: large bone plates 1, high mp 1, shaggy fur 1, strong 1
a: no special abilities


You were on level 5 of the Lair of Beasts.
You were not hungry.

You visited 2 branches of the dungeon, and saw 16 of its levels.

You collected 1194 gold pieces.
You spent 117 gold pieces at shops.

Inventory:

Hand Weapons
 a - a +1 war axe (weapon)
 b - the +6 shillelagh "Devastator" {shatter}
   (You acquired it on level 10 of the Dungeon)
 M - a cursed +3 morningstar
 N - a +0 war axe of distortion
Armour
 c - a +0 shield (worn)
 m - the +2 pair of boots of the Assassin (worn) {Detection Stab+ Stlth++}
   (You found it on level 2 of the Lair of Beasts)

   It makes you much more stealthy.
 q - +0 ice dragon scales (worn)
 B - a +0 hat of see invisible (worn)
 C - a +0 helmet
 G - a +0 plate armour
 H - a +0 chain mail
Jewellery
 h - a +2 ring of evasion (left hand)
 u - a ring of fire (right hand)
 A - an uncursed ring of protection from magic
 D - an amulet of regeneration (around neck)
 T - an uncursed ring of positive energy
Wands
 i - a wand of iceblast (12/15)
 r - a wand of iceblast (2/15)
 s - a wand of iceblast (11/15)
 y - a wand of polymorph (12/24)
 K - a wand of paralysis (22/24)
 Q - a wand of flame (32/48)
 W - a wand of lightning (4/15)
Scrolls
 e - 2 scrolls of enchant armour
 n - 2 scrolls of fear
 o - 2 scrolls of blinking
 p - 3 scrolls of recharging
 x - a scroll of fog
 z - 5 scrolls of teleportation
 J - 9 scrolls of remove curse
 L - a scroll of magic mapping
 O - 2 scrolls of enchant weapon
 P - 8 scrolls of identify
Potions
 d - 2 potions of might
 g - 4 potions of haste
 k - 3 potions of curing
 t - 3 potions of lignification
 v - 3 potions of flight
 F - 2 potions of cancellation
 I - a potion of magic
 R - 2 potions of mutation
 S - a potion of heal wounds
 V - a potion of invisibility
Comestibles
 f - 6 bread rations
 j - 12 meat rations
 l - 3 chunks of flesh
 w - 16 royal jellies
 E - 25 fruits


   Skills:
 + Level 9.2 Fighting
 + Level 13.5 Axes
 + Level 10.6 Armour
 + Level 10.5 Shields
 - Level 5.0 Evocations


You had 12 spell levels left.
You didn't know any spells.

Dungeon Overview and Level Annotations

Branches:
Dungeon (11/15)            Temple (0/1) D:6            Lair (5/6) D:11
  Swamp (0/4) Lair:4        Snake (0/4) Lair:2
  Slime: Lair:5-6       Orc: D:9-12

Shops:
D:11 ?

Annotations:
Lair:2 exclusion: 2 oklob plants


Innate Abilities, Weirdness & Mutations

You have an increased reservoir of magic. (+10% MP)
You are partially covered in large bone plates. (SH +4)
You are covered in fur. (AC +1)
Your muscles are strong. (Str +2)


Message History

The eye of devastation is moderately wounded.
You slice the eye of devastation!!
The eye of devastation is severely wounded.
The eye of devastation gazes at you. The bolt of energy hits you!
You hit the eye of devastation.
The eye of devastation is almost dead.
You hit the eye of devastation but do no damage.
The eye of devastation is almost dead.
You hit the eye of devastation.
The eye of devastation is almost dead.
The eye of devastation gazes at you. The bolt of energy hits you!
You hit the eye of devastation but do no damage.
The eye of devastation is almost dead.
You hit the eye of devastation but do no damage.
The eye of devastation is almost dead.
The eye of devastation gazes at you. The bolt of energy hits you!
You die...

##.......#.#........
##......#..........
#...P..............
###...##...........
###...#.#..........
#P#..##............
###.P.###.#..........
.####.#G..#
##...........
..#.##.#@.# #...........
#...##...####...........
#P.....P##P.##........#
##............#.......#
#PP.........####....#.#
#..........## #..#####
###.........# ##..#
####...#### #.### #...#
###


You could see an eye of devastation.

Vanquished Creatures
  Gastronok (D:8)
  7 hydras
  The ghost of Nattefrost the Spear-Bearer, a journeyman MfFi of Okawaru (D:11)
  2 catoblepae (Lair:2)
  4 two-headed ogres
  3 death yaks (Lair:4)
  Urug (D:10)
  The ghost of krabocopter the Fighter, a novice DrGl of Wu Jian (D:8)
  A death drake (D:10)
  An unseen horror (D:11)
  Pikel (D:5)
  3 ugly things (D:10)
  A deep elf mage (D:10)
  A cyclops (D:10)
  Joseph (D:8)
  7 spiny frogs
  A black mamba (Lair:3)
  4 komodo dragons
  A rime drake (Lair:4)
  2 trolls
  6 slime creatures
  4 dream sheep (Lair:5)
  6 hippogriffs
  4 blink frogs (Lair:4)
  A wyvern (Lair:3)
  25 yaks
  3 basilisks
  Eustachio (D:6)
  4 hogs (D:8)
  A steam dragon (D:10)
  A human (D:8)
  4 hungry ghosts
  An acid dragon (D:11)
  4 nagas (Lair:2)
  6 water moccasins
  6 porcupines
  7 orc warriors
  3 ice beasts
  4 phantoms
  2 black bears
  A sky beast (D:8)
  A necrophage (D:11)
  2 eyes of draining (D:10)
  6 ogres
  5 wolves (Lair:2)
  6 crocodiles
  6 centaurs
  A big kobold (D:9)
  The ghost of Hybris the Firebug, an amateur DEFE (D:3)
  18 bullfrogs
  Dowan (D:7)
  12 killer bees
  12 wights
  2 electric eels
  4 howler monkeys
  4 crimson imps
  A bullfrog zombie (D:9)
  6 hounds
  3 quasits
  6 jellies
  3 bullfrog skeletons
  A centaur skeleton (D:9)
  9 orc priests
  4 orc wizards
  8 iguanas
  6 hell rats (Lair:3)
  8 worker ants
  2 killer bee zombies
  A hound skeleton (D:4)
  2 worker ant zombies
  3 gnolls (D:10)
  A howler monkey skeleton (D:4)
  12 adders
  11 river rats (Lair:3)
  6 shadow imps
  3 oozes
  2 adder skeletons
  6 worms
  5 leopard geckos
  62 orcs
  5 ball pythons
  8 giant cockroaches
  6 goblins
  8 hobgoblins
  11 jackals
  12 kobolds
  14 quokkas
  7 bats
  4 frilled lizards
  A leopard gecko skeleton (D:5)
  A quokka skeleton (D:6)
  A quokka zombie (D:8)
  26 rats
  A butterfly (Lair:2)
  4 fungi (Lair:2)
499 creatures vanquished.

Vanquished Creatures (others)
  Duvessa (D:7)
  A centaur (D:5)
  A crimson imp (D:11)
  8 fungi
  9 plants
20 creatures vanquished.

Grand Total: 519 creatures vanquished

Notes
Turn   | Place    | Note
-------+----------+-------------------------------------------
     0 | D:1      | Duffy the Demigod Fighter began the quest for the Orb.
     0 | D:1      | Reached XP level 1. HP: 18/18 MP: 3/3
    86 | D:1      | Reached skill level 2 in Axes
   163 | D:1      | Reached XP level 2. HP: 23/25 MP: 4/4
   652 | D:1      | Reached XP level 3. HP: 30/30 MP: 5/5
   842 | D:2      | Reached skill level 3 in Axes
  1145 | D:2      | Reached XP level 4. HP: 36/37 MP: 6/6
  1970 | D:3      | Noticed Hybris's ghost (amateur DEFE)
  1984 | D:3      | Killed Hybris's ghost
  1984 | D:3      | Reached XP level 5. HP: 30/42 MP: 7/7
  2001 | D:3      | Reached skill level 4 in Axes
  2007 | D:3      | Found a glowing golden altar of the Shining One.
  2113 | D:3      | Found a shattered altar of Ashenzari.
  2115 | D:3      | Found a bloodstained altar of Trog.
  3366 | D:4      | Reached XP level 6. HP: 41/50 MP: 8/8
  3763 | D:5      | Entered Level 5 of the Dungeon
  3830 | D:5      | Reached skill level 5 in Axes
  4408 | D:5      | Reached XP level 7. HP: 54/56 MP: 9/9
  4434 | D:5      | Noticed Pikel
  4508 | D:5      | Killed Pikel
  4508 | D:5      | Reached skill level 6 in Axes
  4508 | D:5      | Reached skill level 5 in Armour
  4508 | D:5      | Reached skill level 5 in Shields
  5197 | D:5      | Reached XP level 8. HP: 58/62 MP: 10/10
  5517 | D:6      | Noticed Eustachio
  5538 | D:6      | Killed Eustachio
  5583 | D:6      | Got a crude amber ring
  5585 | D:6      | Identified the ring of Bolymn {Wiz *Contam MP+9 Int+4 SInv} (You found it on level 6 of the Dungeon)
  5754 | D:6      | Found a staircase to the Ecumenical Temple.
  5762 | D:6      | Reached skill level 7 in Axes
  5840 | D:6      | Found an iron altar of Okawaru.
  5939 | D:6      | Found an ancient bone altar of Kikubaaqudgha.
  6484 | D:7      | Gained mutation: Armour fits poorly on your strangely shaped body. [potion of mutation]
  6484 | D:7      | Gained mutation: Your movements are slightly less encumbered by armour. (ER -2) [potion of mutation]
  6484 | D:7      | Gained mutation: Your flesh is heat resistant. (rF+) [potion of mutation]
  7167 | D:7      | Noticed Dowan
  7168 | D:7      | Noticed Duvessa
  7292 | D:7      | Killed Duvessa
  7292 | D:7      | Reached skill level 8 in Axes
  7297 | D:7      | Killed Dowan
  7303 | D:7      | Lost mutation: Armour fits poorly on your strangely shaped body. [potion of mutation]
  7303 | D:7      | Lost mutation: Your movements are slightly less encumbered by armour. (ER -2) [potion of mutation]
  7303 | D:7      | Lost mutation: Your flesh is heat resistant. (rF+) [potion of mutation]
  7303 | D:7      | Gained mutation: Your spells are a little easier to cast, but a little less powerful. [potion of mutation]
  7303 | D:7      | Gained mutation: You possess an exceptional clarity of mind. [potion of mutation]
  7590 | D:7      | Reached XP level 9. HP: 67/68 MP: 11/11
  8098 | D:8      | Noticed Joseph
  8118 | D:8      | Killed Joseph
  8118 | D:8      | Reached skill level 9 in Axes
  8401 | D:8      | Noticed Gastronok
  8445 | D:8      | Killed Gastronok
  8445 | D:8      | Reached XP level 10. HP: 67/74 MP: 13/13
  8586 | D:8      | Found a burning altar of Makhleb.
  8843 | D:8      | Noticed krabocopter's ghost (novice DrGl)
  8855 | D:8      | Reached skill level 10 in Axes
  8942 | D:8      | Killed krabocopter's ghost
  9683 | D:8      | Found a snail-covered altar of Cheibriados.
  9683 | D:8      | Found an ancient bone altar of Kikubaaqudgha.
  9691 | D:8      | Lost mutation: Your spells are a little easier to cast, but a little less powerful. [potion of mutation]
  9691 | D:8      | Lost mutation: You possess an exceptional clarity of mind. [potion of mutation]
  9691 | D:8      | Gained mutation: You are partially covered in large bone plates. (SH +4) [potion of mutation]
  9691 | D:8      | Gained mutation: You are covered in fur. (AC +1) [potion of mutation]
  9691 | D:8      | Gained mutation: Your muscles are strong. (Str +2) [potion of mutation]
  9974 | D:9      | Reached skill level 11 in Axes
  9993 | D:9      | Found a roughly hewn altar of Beogh.
 10297 | D:10     | Entered Level 10 of the Dungeon
 10668 | D:10     | Noticed Nergalle
 10716 | D:10     | Found a snail-covered altar of Cheibriados.
 11058 | D:10     | Reached skill level 1 in Evocations
 11129 | D:10     | Identified a scroll of acquirement
 11204 | D:10     | Noticed Urug
 11752 | D:10     | Killed Urug
 11752 | D:10     | Reached XP level 11. HP: 55/83 MP: 15/15
 12202 | D:11     | Noticed an unseen horror
 12222 | D:11     | Killed an unseen horror
 12359 | D:11     | Noticed a two-headed ogre
 12371 | D:10     | Killed a two-headed ogre
 12600 | D:11     | Noticed Nattefrost's ghost (journeyman MfFi)
 12613 | D:10     | Reached skill level 5 in Fighting
 13382 | D:10     | Reached skill level 12 in Axes
 13736 | D:10     | Reached skill level 5 in Evocations
 14032 | D:11     | Killed Nattefrost's ghost
 14465 | D:11     | Noticed Snorg
 14834 | D:11     | Noticed Snorg
 14834 | D:11     | Snorg changed into Snorg the death drake
 14924 | D:10     | Noticed a seven-headed hydra
 14933 | D:10     | Killed a seven-headed hydra
 15102 | D:10     | Killed Snorg the death drake
 15469 | D:10     | Noticed a two-headed ogre
 15477 | D:10     | Killed a two-headed ogre
 15477 | D:10     | Reached XP level 12. HP: 84/95 MP: 19/19
 16498 | D:11     | Found a roughly hewn altar of Beogh.
 16541 | D:11     | Found a sparkling altar of Nemelex Xobeh.
 16609 | D:11     | Found an iron altar of Okawaru.
 16692 | D:11     | Found a staircase to the Lair.
 16803 | D:11     | Found Xallyich's Magic Scroll Emporium.
 16809 | D:11     | Bought a scroll of identify for 26 gold pieces
 16809 | D:11     | Bought a scroll of identify for 26 gold pieces
 16809 | D:11     | Bought a scroll of teleportation for 39 gold pieces
 16809 | D:11     | Bought a scroll of identify for 26 gold pieces
 17138 | Lair:1   | Entered Level 1 of the Lair of Beasts
 17449 | Lair:1   | Noticed an eight-headed hydra
 17459 | Lair:1   | Killed an eight-headed hydra
 18496 | Lair:2   | Noticed a catoblepas
 18566 | Lair:2   | Killed a catoblepas
 18856 | Lair:2   | Found a staircase to the Snake Pit.
 19601 | Lair:2   | Noticed a seven-headed hydra
 19609 | Lair:2   | Killed a seven-headed hydra
 19996 | Lair:2   | Reached skill level 13 in Axes
 20012 | Lair:2   | Noticed a catoblepas
 20032 | Lair:2   | Killed a catoblepas
 20374 | Lair:2   | Noticed a four-headed hydra
 20384 | Lair:2   | Killed a four-headed hydra
 20758 | Lair:3   | Reached skill level 10 in Armour
 21788 | Lair:3   | Got a crude arbalest
 21824 | Lair:4   | Found a staircase to the Swamp.
 21892 | Lair:4   | Noticed a five-headed hydra
 21894 | Lair:4   | Noticed an eight-headed hydra
 22036 | Lair:4   | Killed an 11-headed hydra
 22036 | Lair:4   | Reached XP level 13. HP: 62/108 MP: 20/20
 22288 | Lair:4   | Reached skill level 10 in Shields
 23731 | Lair:5   | Blown up by an eye of devastation

Vault maps used:
D:1:      mushboom_english_gardens, roderic_lattice_a
D:2:      kennysheep_generic_room_12
D:3:      grunt_temple_overflow_open
D:4:      cheibrodos_quashed
D:5:      first_bread, uniq_pikel
D:6:      kennysheep_mini, minmay_temple_entry_statues, basic_altar,
          serial_glass, glass_columns_c, glass_columns_b, uniq_eustachio
D:7:      minmay_misc_feat_encased, kennysheep_small_square, uniq_duvessa
D:8:      nicolae_overflow_hidden_temple, grunt_livestock, uniq_gastronok,
          uniq_joseph
D:9:      special_room, amethyst_killhole
D:10:     basic_altar, uniq_nergalle, uniq_urug
D:11:     minmay_ornate_pinched, david_lair_shrubbed, special_room,
          serial_shops, kennysheep_little_box, basic_altar, minivault_14,
          nemelex_diamond_rough_becter, uniq_snorg
Lair:1:   infiniplex_staircase_pool_2
Lair:2:   minmay_snake_entry_guardpost_small, serial_bayou_shore_b,
          grunt_megastairs_4, lemuel_fruit_fields, minmay_lair_oklob_chamber
Lair:3:   lemuel_ratsnest
Lair:4:   swamp_mist_pool, minivault_25, beast_lair_carwin_6,
          lemuel_fruit_fields
Lair:5:   slime_altar_1

Skill      XL: |  1  2  3  4  5  6  7  8  9 10 11 12 13 |
---------------+----------------------------------------+-----
Axes           | 2 3 4 5 6 8 9 11 12 13 | 13.5
Shields        | 3 4 5 6 7 8 9 10 | 10.5
Armour         | 3 4 5 6 7 8 10 | 10.6
Fighting       | 3 6 8 9 |  9.2
Evocations     | 2 5 |  5.0

Action                   |  1- 3 |  4- 6 |  7- 9 | 10-12 | 13-15 || total
-------------------------+-------+-------+-------+-------+-------++-------
Melee: War axe           |   119 |   234 |   399 |  1308 |   174 ||  2234
       Shillelagh        |       |       |       |    41 |    18 ||    59
Evoke: Wand              |       |       |     1 |    30 |       ||    31
  Use: Scroll            |     1 |    10 |    10 |    14 |     4 ||    39
       Potion            |       |       |     4 |    11 |     3 ||    18
 Stab: Paralysed         |       |       |       |    33 |       ||    33
       Petrified         |       |       |       |     4 |       ||     4
       Sleeping          |       |       |       |     1 |     1 ||     2
  Eat: Chunk             |     1 |     8 |     7 |    18 |     2 ||    36
       Fruit             |       |     5 |       |       |       ||     5
       Bread ration      |       |       |     2 |     8 |     1 ||    11
       Royal jelly       |       |       |     1 |       |       ||     1
Armor: Chain mail        |   103 |    47 |       |       |       ||   150
       Ice dragon scales |       |    41 |   198 |   372 |    65 ||   676
       Skin              |       |       |     2 |    22 |    14 ||    38
Dodge: Dodged            |    32 |    68 |   175 |   330 |    52 ||   657
Block: Shield            |    99 |   132 |   258 |  1008 |   154 ||  1651
